 Dungeon Crawl Stone Soup version 0.29-a0-275-g389c0b56f3 (webtiles) character file.

Game seed: 17418542664439041696

107263 Ajdolov the Marksspriggan (level 15, -1/77 HPs)
             Began as a Spriggan Hunter on Mar 9, 2022.
             Was the Champion of Hepliaklqana.
             Killed from afar by an eleionoma (37 damage)
             ... with a spray of wooden splinters
             ... on level 2 of the Swamp.
             The game lasted 01:17:47 (34314 turns).

Ajdolov the Marksspriggan (Spriggan Hunter)        Turns: 34314, Time: 01:17:47

Health: -1/77      AC: 18    Str:  8    XL:     15   Next: 99%
Magic:  20/22      EV: 30    Int: 17    God:    Hepliaklqana [******]
Gold:   858        SH:  5    Dex: 32    Spells: 14/14 levels left

rFire   + . .      SeeInvis +   Q - +3 shortbow of Devotion {freeze, rF+ rC+ Will+}
rCold   + . .      Faith    .   (shield currently unavailable)
rNeg    . . .      Spirit   .   P - +6 swamp dragon scales
rPois   +          Reflect  +   (helmet restricted)
rElec   .          Harm     .   N - +1 cloak {Stlth+}
rCorr   .          Rampage  .   (gloves unavailable)
Will    +++..                   (boots unavailable)
Stlth   +++++.....              m - amulet of reflection
HPRegen 0.22/turn               R - ring "Ceacaseury" {Int+4 Dex+9 Slay+4}
MPRegen 0.18/turn               s - ring of poison resistance

@: very quick
A: reduced essence, very small, no large weapons, unfitting armour, see
invisible, speed 3
a: Renounce Religion, Recall Ancestor, Ancestor Identity, Transference, Idealise


You were on level 2 of the Swamp.
You worshipped Hepliaklqana.
Hepliaklqana was exalted by your worship.
You visited 5 branches of the dungeon, and saw 27 of its levels.
You also visited: Sewer.

You collected 2868 gold pieces.
You spent 2010 gold pieces at shops.

Inventory:

Hand Weapons
 a - a +5 shortbow
 Q - the +3 shortbow of Devotion (weapon) {freeze, rF+ rC+ Will+}
   (You bought it in a shop on level 2 of the Orcish Mines)

   Any ammunition fired from it freezes those it strikes, dealing additional
   cold damage.
   It can also slow down cold-blooded creatures.
   rF:        It protects you from fire.
   rC:        It protects you from cold.
   Will:      It increases your willpower.
Missiles
 H - 12 curare-tipped darts
Armour
 N - a +1 cloak of stealth (worn)
 P - +6 swamp dragon scales (worn)
Jewellery
 e - a ring of protection from fire
 m - an amulet of reflection (around neck)
 s - a ring of poison resistance (right hand)
 z - a ring of protection from fire
 R - the ring "Ceacaseury" (left hand) {Int+4 Dex+9 Slay+4}
   (You bought it in a shop on level 2 of the Orcish Mines)

   [ring of slaying]

   Int:       It affects your intelligence (+4).
   Dex:       It affects your dexterity (+9).
   Slay:      It affects your accuracy & damage with ranged weapons and melee
   (+4).
Wands
 f - a wand of iceblast (3)
 j - a wand of flame (64)
 p - a wand of polymorph (13)
 u - a wand of digging (9)
 v - a wand of mindburst (12)
 y - a wand of charming (14)
 B - a wand of paralysis (9)
 U - a wand of acid (6)
Scrolls
 b - 4 scrolls of blinking
 c - 6 scrolls of immolation
 h - 2 scrolls of fog
 k - 4 scrolls of magic mapping
 l - 9 scrolls of teleportation
 x - 2 scrolls of fear
 C - 6 scrolls of vulnerability
 D - 2 scrolls of summoning
 E - 4 scrolls of noise
 K - 2 scrolls of torment
 L - a scroll of holy word
Potions
 d - 7 potions of curing
 g - 5 potions of flight
 i - 2 potions of attraction
 n - a potion of berserk rage
 o - 5 potions of might
 r - 4 potions of heal wounds
 t - a potion of haste
 w - 5 potions of lignification
 F - 4 potions of resistance
 G - 4 potions of brilliance
 M - 5 potions of mutation
 T - a potion of ambrosia
Miscellaneous
 q - a tin of tremorstones (2/2)
 O - a phantom mirror (inert)


   Skills:
 + Level 13.4 Fighting
 - Level 16.0 Bows
 * Level 10.0 Armour
 - Level 13.8 Dodging
 - Level 8.0 Stealth
 - Level 8.0 Invocations
 + Level 12.6 Evocations


You had 14 spell levels left.
You didn't know any spells.
Your spell library contained the following spells:

 Spells                   Type           Power      Damage    Failure   Level
 Animate Skeleton         Necr           0%         N/A       50%         1
 Apportation              Tloc           0%         N/A       50%         1
 Magic Dart               Conj           0%         1d3       50%         1
 Shock                    Conj/Air       0%         1d3       50%         1
 Summon Small Mammal      Summ           0%         N/A       50%         1
 Blink                    Tloc           0%         N/A       65%         2
 Corpse Rot               Necr/Air       0%         N/A       65%         2
 Poisonous Vapours        Pois/Air       0%         N/A       65%         2
 Searing Ray              Conj           0%         2d4       65%         2
 Static Discharge         Conj/Air       0%         N/A       65%         2
 Gell's Gravitas          Tloc           0%         N/A       86%         3
 Lesser Beckoning         Tloc           0%         N/A       86%         3
 Summon Guardian Golem    Hex/Summ       0%         N/A       86%         3
 Swiftness                Air            0%         N/A       86%         3
 Teleport Other           Tloc           0%         N/A       86%         3
 Airstrike                Air            0%         N/A       99%         4
 Dispel Undead            Necr           0%         3d6       99%         4
 Fulminant Prism          Conj/Hex       0%         3d6       99%         4
 Olgreb's Toxic Radiance  Pois           0%         N/A       99%         4
 Blade Hands              Tmut           0%         N/A       100%        5
 Fireball                 Conj/Fire      0%         3d3       100%        5
 Irradiate                Conj/Tmut      0%         3d14      100%        5
 Lightning Bolt           Conj/Air       0%         1d11      100%        5
 Manifold Assault         Tloc           0%         N/A       100%        5
 Death Channel            Necr           0%         N/A       100%        6
 Dispersal                Tloc           0%         N/A       100%        6
 Starburst                Conj/Fire      0%         6d3       100%        6
 Dragon Form              Tmut           0%         N/A       100%        7
 Orb of Destruction       Conj           0%         9d5       100%        7
 Ozocubu's Refrigeration  Ice            0%         4d5       100%        7
 Spellforged Servitor     Conj/Summ      0%         N/A       100%        7
 Ignition                 Fire           0%         3d3       100%        8
 Maxwell's Capacitive Co  Air            0%         ∞         100%        8


Dungeon Overview and Level Annotations

Branches:
Dungeon (15/15)            Temple (1/1) D:7            Lair (6/6) D:10
  Swamp (3/4) Lair:4        Snake (0/4) Lair:2        Slime (0/5) Lair:5
    Orc (2/2) D:10            Elf (0/3) Orc:2        Vaults (0/5) D:13
 Depths (0/4) D:15          Sewer (visited)

Altars:
Ashenzari
Cheibriados
Dithmenos
Elyvilon
Fedhas
Gozag
Hepliaklqana
Kikubaaqudgha
Makhleb
Nemelex Xobeh
Okawaru
Qazlal
Ru
Sif Muna
Trog
Uskayaw
Wu Jian
Yredelemnul
Zin
The Shining One
Beogh

Shops:
D:2 ?[   D:11 ?   Orc:2 [(==

Portals:
Trove: D:10 (give +2 gold dragon scales)

Annotations:
D:5 2 transporters, BigAl's ghost, amateur HOFi
D:6 Dowan
Lair:3 2 transporters, cheburek's ghost, adept MfGl


Innate Abilities, Weirdness & Mutations

Your life essence is reduced to manifest your ancestor. (-10% HP)
You are very small and have problems with some larger weapons.
You are too small for most types of armour.
You have supernaturally acute eyesight. (SInv)
You cover ground extremely quickly. (Speed+++)


Message History

The ghoul claws Lufti.
The ghoul claws Lufti but does no damage.
The will-o-the-wisp gestures.
The will-o-the-wisp conjures some foxfire! 2 foxfires come into view.
The foxfire hits Lufti but does no damage.
The will-o-the-wisp gestures.
The will-o-the-wisp conjures some foxfire! 2 foxfires come into view.
The foxfire attacks as you move away!
An eleionoma comes into view.
The foxfire hits you! You resist. The foxfire hits you. You resist.
The eleionoma flows through the trees.
You enter the shallow water.
Moving in this stuff is going to be slow.
You enter the shallow water.
Moving in this stuff is going to be slow.
Found a quarterstaff.
The will-o-the-wisp gestures.
The will-o-the-wisp conjures some foxfire!
The eleionoma flows through the trees. 2 foxfires come into view.
The foxfire hits Lufti!
Lufti resists.
Lufti closely misses the will-o-the-wisp.
Lufti closely misses the ghoul.
The will-o-the-wisp blinks!
The foxfire hits you! You resist.
The eleionoma flows through the trees.
The eleionoma attacks as you move away! The eleionoma completely misses you.
There is an escape hatch in the ceiling here.
The will-o-the-wisp closely misses you. A mysterious force pulls you upwards.
The hatch slams shut behind you. The eleionoma attacks as you move away!
The eleionoma completely misses you.
The will-o-the-wisp attacks as you move away!
The will-o-the-wisp completely misses you.
Lufti is recalled.
The will-o-the-wisp blinks!
The eleionoma hurls a spray of splinters at you.
The spray of wooden splinters hits you!!!
You die...

♣♣..≈≈....≈.≈♣♣♣♣.....♣
♣.≈≈.≈.≈..[≈♣♣♣♣..≈≈.♣
♣♣≈.≈≈..♣............≈
♣♣♣.≈.≈......R..........
♣♣.......≈..#.####.#..≈≈≈
♣.≈.≈....≈..#..#...#..≈♣.
♣♣.♣vR.§....#......#..≈..
♣..≈.....≈...#.###.#.....
♣♣.♣♣≈≈R@...#...#..#.....
♣.≈.♣.≈.....#......#.....
♣♣≈♣♣♣..≈§..#...#..#...≈.
♣♣♣ ♣♣≈≈...##+.####...≈.
♣♣.♣.≈≈.............≈
♣...≈..♣...........≈≈
♣♣≈♣.♣♣♣♣♣...≈≈..§≈≈≈
♣♣♣♣♣ ♣♣♣≈≈≈..≈≈.≈
♣♣♣♣..≈...


You could see the friendly Lufti the knight, an eleionoma and a will-o-the-wisp.

Vanquished Creatures
  Saint Roka (Orc:2)
  An orc warlord (Orc:2)
  Louise (Swamp:2)
  2 eleionomae
  A bunyip (Swamp:1)
  A dire elephant (Lair:6)
  An ettin (Orc:2)
  A vault guard (D:13)
  12 hydras
  A centaur warrior (D:15)
  2 two-headed ogres
  2 orc high priests
  3 death yaks (Lair:6)
  A tengu warrior (D:9)
  A deep troll shaman (Lair:6)
  Sonja (Lair:3)
  Amaemon (D:10)
  3 goliath frogs
  A swamp dragon (Swamp:2)
  Pikel (D:8)
  2 spriggan druids (Swamp:2)
  3 bog bodies
  4 wizards
  2 orc knights (Orc:2)
  A necromancer (D:15)
  2 deep elf pyromancers
  5 orc sorcerers
  2 manticores (D:15)
  16 ugly things
  5 cyclopes
  7 elephants
  4 black mambas
  An orange demon (D:10)
  A naga mage (D:15)
  Joseph (D:7)
  8 cane toads
  3 gargoyles
  2 kobold demonologists
  4 komodo dragons
  3 rime drakes
  Maggie (D:6)
  A tengu conjurer (D:15)
  6 trolls
  A bloated husk (Swamp:1)
  A tyrant leech (Swamp:3)
  5 hornets
  A raiju (shapeshifter) (D:14)
  A wolf spider simulacrum (D:15)
  A tarantella (shapeshifter) (D:14)
  15 blink frogs
  A harpy skeleton (D:15)
  3 slime creatures (D:13)
  2 polar bears
  4 dream sheep (Lair:4)
  5 spriggans
  2 water elementals (D:15)
  24 yaks
  6 wraiths
  8 humans (D:13)
  2 wyverns (D:9)
  5 basilisks
  Menkaure (D:6)
  8 vampire mosquitoes
  3 wargs (Orc:1)
  2 nagas (Lair:2)
  9 swamp worms
  15 water moccasins
  Duvessa (D:6)
  30 orc warriors
  2 swamp drakes
  2 ice beasts (D:7)
  3 black bears
  7 ogres
  A sky beast (D:8)
  20 wolves
  2 centaurs
  11 kobold brigands
  A necrophage (D:6)
  2 two-headed ogre simulacra (D:13)
  11 bullfrogs
  2 scorpions
  6 wights
  14 killer bees
  4 electric eels
  7 howler monkeys
  10 hounds
  16 orc priests
  Crazy Yiuf (D:2)
  12 jellies
  Terence (D:2)
  An iguana (D:5)
  29 orc wizards
  A spriggan simulacrum (D:13)
  3 troll simulacra (D:13)
  10 gnolls
  7 adders
  A naga simulacrum (D:13)
  5 river rats
  An ufetubus (D:7)
  4 worms
  2 dart slugs (D:1)
  102 orcs
  8 ball pythons
  11 endoplasms
  4 giant cockroaches
  11 goblins
  8 hobgoblins
  7 jackals
  4 quokkas
  9 bats
  4 frilled lizards
  15 kobolds
  7 rats
667 creatures vanquished.

Vanquished Creatures (collateral kills)
  A thorn hunter (Swamp:1)
  4 eleionomae
  A bunyip (Swamp:3)
  Josephine (Swamp:1)
  A hydra (Swamp:1)
  A vault guard (D:13)
  A catoblepas (Lair:6)
  A death yak (Lair:6)
  A two-headed ogre (D:13)
  Nergalle (Lair:3)
  A goliath frog (Swamp:1)
  3 orc knights
  2 swamp dragons (Swamp:2)
  4 ugly things
  2 cyclopes
  A centaur zombie (D:15)
  An elephant (Lair:6)
  2 black mambas
  A gargoyle (D:12)
  A centaur skeleton (D:15)
  2 cane toads (Lair:4)
  2 komodo dragons (Lair:5)
  A kobold demonologist (D:10)
  A troll (Orc:1)
  A tyrant leech (Swamp:3)
  A wind drake (shapeshifter) (D:14)
  2 polar bears
  A hornet (Lair:4)
  2 dream sheep (Lair:4)
  2 blink frogs (Lair:4)
  A slime creature (D:13)
  A spriggan (Swamp:2)
  A basilisk (Lair:4)
  10 yaks
  A wyvern (Lair:4)
  2 wraiths (Swamp:1)
  A human (D:13)
  4 vampire mosquitoes
  A warg (Orc:2)
  An acid dragon (D:11)
  A water moccasin (Lair:2)
  5 orc warriors
  5 wolves
  A bullfrog (Lair:2)
  A wight (D:9)
  A killer bee (D:9)
  A howler monkey (D:8)
  2 jellies (Lair:5)
  2 orc priests (Orc:2)
  3 orc wizards
  A polar bear simulacrum (D:13)
  8 orcs
100 creatures vanquished.

Vanquished Creatures (others)
  A vault guard (D:13)
  A wolf (D:10)
  9 ancestors
  16 knights
  A bush (Lair:2)
  10 foxfires (Swamp:3)
  18 fungi
  65 plants
121 creatures vanquished.

Grand Total: 888 creatures vanquished

Notes
Turn   | Place    | Note
-------+----------+-------------------------------------------
     0 | D:1      | Ajdolov the Spriggan Hunter began the quest for the Orb.
     0 | D:1      | Reached XP level 1. HP: 10/10 MP: 2/2
    18 | D:1      | Reached skill level 5 in Bows
    74 | D:1      | Reached XP level 2. HP: 15/15 MP: 3/3
   373 | D:1      | Reached XP level 3. HP: 16/18 MP: 4/4
   600 | D:1      | Found a faded altar of an unknown god.
   804 | D:2      | Found Cac Gont's Magic Scroll Shoppe.
   813 | D:2      | Bought a scroll of identify for 28 gold pieces
   940 | D:2      | Reached skill level 6 in Bows
  1216 | D:2      | Found Tizeg's Armour Shoppe.
  1265 | D:2      | Reached XP level 4. HP: 18/23 MP: 5/5
  1595 | D:2      | Noticed Terence
  1633 | D:2      | Killed Terence
  1835 | D:2      | Found a runed translucent door.
  1836 | D:2      | Noticed Crazy Yiuf
  1875 | D:2      | Killed Crazy Yiuf
  1876 | D:2      | Reached XP level 5. HP: 27/27 MP: 6/6
  1998 | D:3      | Reached skill level 7 in Bows
  2750 | D:3      | Identified the +0 short sword of Ignis's Delight {chaos,
                  | +Blink MP+9 Str+5}
  3200 | D:4      | Found a glowing drain.
  3251 | D:4      | Reached XP level 6. HP: 27/32 MP: 7/7
  3269 | Sewer    | Entered a sewer
  3436 | Sewer    | Reached skill level 8 in Bows
  3456 | Sewer    | Found a glowing silver altar of Zin.
  3830 | D:5      | Entered Level 5 of the Dungeon
  3919 | D:5      | Noticed a water moccasin
  3978 | D:5      | Reached skill level 9 in Bows
  3978 | D:5      | Reached XP level 7. HP: 37/37 MP: 8/8
  4193 | D:5      | You fall into a shaft and drop 1 floor!
  4677 | D:5      | Reached skill level 10 in Bows
  4701 | D:5      | Reached XP level 8. HP: 42/42 MP: 9/9
  4769 | D:5      | Found a transporter.
  4773 | D:5      | Noticed BigAl's ghost (amateur HOFi)
  4775 | D:5      | Found a transporter.
  5097 | D:6      | Reached skill level 5 in Fighting
  5097 | D:6      | Reached skill level 11 in Bows
  5291 | D:6      | Noticed Duvessa
  5291 | D:6      | Noticed Dowan
  5403 | D:6      | Killed Duvessa
  5472 | D:6      | Noticed Menkaure
  5475 | D:6      | Killed Menkaure
  5477 | D:6      | Noticed Maggie
  5819 | D:6      | Killed Maggie
  5820 | D:6      | Reached skill level 12 in Bows
  5912 | D:7      | Reached XP level 9. HP: 48/48 MP: 10/10
  6426 | D:7      | Found a staircase to the Ecumenical Temple.
  6428 | D:7      | Noticed Joseph
  6437 | D:7      | Killed Joseph
  6438 | D:7      | Reached skill level 13 in Bows
  6569 | Temple   | Entered the Ecumenical Temple
  6891 | Temple   | Became a worshipper of Hepliaklqana the Forgotten
  7807 | D:8      | Noticed a komodo dragon
  7864 | D:8      | Killed a komodo dragon
  7865 | D:8      | Reached skill level 14 in Bows
  8290 | D:8      | Reached * piety under Hepliaklqana
  8462 | D:8      | Noticed Pikel
  8474 | D:8      | Killed Pikel
  8475 | D:8      | Reached XP level 10. HP: 49/49 MP: 11/11
  8640 | D:9      | Identified the +0 scale mail "Nasomire" {rElec}
  9123 | D:9      | Reached skill level 15 in Bows
  9495 | D:9      | Noticed a tengu warrior
  9725 | D:9      | Killed a tengu warrior
  9961 | D:10     | Entered Level 10 of the Dungeon
  9962 | D:10     | Noticed Amaemon
 10053 | D:10     | Killed Amaemon
 10054 | D:10     | Reached skill level 16 in Bows
 10054 | D:10     | Noticed an orange demon
 10100 | D:10     | Killed an orange demon
 10180 | D:10     | Found a broken altar of Ashenzari.
 10533 | D:10     | Reached XP level 11. HP: 55/55 MP: 12/12
 10791 | D:10     | Found a staircase to the Orcish Mines.
 10892 | D:10     | Found a staircase to the Lair.
 11319 | D:10     | Reached skill level 10 in Fighting
 11654 | D:10     | Found a portal to a secret trove of treasure.
 11913 | D:11     | Found Gituqoj's Magic Scroll Shop.
 11933 | D:11     | Reached ** piety under Hepliaklqana
 11937 | D:11     | Remembered your ancestor Lufti as a knight
 12053 | D:11     | Noticed a seven-headed hydra
 12090 | D:11     | Killed a seven-headed hydra
 12371 | D:11     | Noticed a two-headed ogre
 12573 | D:11     | Killed a two-headed ogre
 12805 | D:11     | Found a shimmering blue altar of Sif Muna.
 13042 | D:11     | Identified the +8 quarterstaff "Ityikuugh" {holy, rC- rCorr
                  | Dex+6 SInv}
 13080 | Lair:1   | Entered Level 1 of the Lair of Beasts
 13218 | Lair:1   | Reached skill level 1 in Evocations
 13325 | Lair:1   | Reached skill level 1 in Armour
 13673 | Lair:1   | Reached *** piety under Hepliaklqana
 14209 | Lair:2   | Reached skill level 5 in Evocations
 14209 | Lair:2   | Reached XP level 12. HP: 63/63 MP: 11/13
 14663 | Lair:2   | Found a staircase to the Snake Pit.
 15508 | Lair:3   | Reached **** piety under Hepliaklqana
 15550 | Lair:3   | Noticed a four-headed hydra
 15564 | Lair:3   | Found a transporter.
 15566 | Lair:3   | Noticed an eight-headed hydra
 15594 | Lair:3   | Found a transporter.
 15615 | Lair:3   | Noticed Nergalle
 15645 | Lair:3   | Killed Nergalle
 15809 | Lair:3   | Noticed Sonja
 15814 | Lair:3   | Killed Sonja
 15817 | Lair:3   | Noticed an eight-headed hydra
 15841 | Lair:3   | Killed an eight-headed hydra
 15842 | Lair:3   | Reached skill level 5 in Armour
 16270 | Lair:3   | Noticed cheburek's ghost (adept MfGl)
 16375 | D:11     | Bought a scroll of acquirement for 728 gold pieces
 16704 | Lair:4   | Found a staircase to the Swamp.
 17036 | Lair:4   | Reached skill level 10 in Evocations
 17115 | Lair:4   | Reached XP level 13. HP: 67/67 MP: 14/14
 17736 | Lair:5   | Reached skill level 5 in Dodging
 17808 | Lair:5   | Reached ***** piety under Hepliaklqana
 18123 | Lair:5   | Found a staircase to the Slime Pits.
 18380 | Lair:6   | Entered Level 6 of the Lair of Beasts
 19701 | Lair:6   | Reached skill level 10 in Dodging
 20095 | Lair:6   | Noticed a dire elephant
 20176 | Lair:6   | Killed a dire elephant
 20920 | D:12     | Reached XP level 14. HP: 72/72 MP: 15/15
 21145 | D:12     | Reached skill level 1 in Invocations
 21434 | D:13     | Reached ****** piety under Hepliaklqana
 21448 | D:13     | Found an iron altar of Okawaru.
 22566 | D:13     | Identified the +3 kite shield of Existentialism {rN++ rCorr
                  | Dex-2 Stlth+}
 22937 | D:13     | Found a gate to the Vaults.
 23257 | Orc:1    | Entered Level 1 of the Orcish Mines
 24088 | Orc:2    | Entered Level 2 of the Orcish Mines
 24088 | Orc:2    | Found a staircase to the Elven Halls.
 24161 | Orc:1    | Reached skill level 5 in Stealth
 24754 | Orc:2    | Noticed an orc warlord
 25044 | Orc:2    | Killed an orc warlord
 25248 | Orc:2    | Noticed Saint Roka
 25742 | Orc:2    | Killed Saint Roka
 26197 | Orc:2    | Found Yzasues's Jewellery Emporium.
 26500 | Orc:2    | Found Ciybry's Antique Armour Shoppe.
 26502 | Orc:2    | Found Etunyda's Antique Weapon Emporium.
 26513 | Orc:2    | Bought a smouldering shortbow for 168 gold pieces
 26513 | Orc:2    | Identified the +3 shortbow of Devotion {freeze, rF+ rC+
                  | Will+} (You bought it in a shop on level 2 of the Orcish
                  | Mines)
 26553 | Orc:2    | Found Patusiel's Jewellery Shop.
 28280 | Orc:2    | Bought the ring "Ceacaseury" {Int+4 Dex+9 Slay+4} for 1086
                  | gold pieces
 29141 | D:14     | Reached skill level 5 in Invocations
 29158 | D:14     | Reached XP level 15. HP: 76/76 MP: 19/19
 29759 | D:15     | Entered Level 15 of the Dungeon
 30600 | D:15     | Found a staircase to the Depths.
 31384 | Swamp:1  | Entered Level 1 of the Swamp
 31926 | Swamp:1  | Noticed a thorn hunter
 31943 | Swamp:1  | Killed a thorn hunter
 32437 | Swamp:1  | Noticed Josephine
 32447 | Swamp:1  | Killed Josephine
 32757 | Swamp:2  | Acquired 318 gold pieces
 33707 | Swamp:2  | Noticed Louise
 33724 | Swamp:2  | Killed Louise
 34277 | Swamp:3  | Reached skill level 10 in Armour
 34314 | Swamp:2  | Killed from afar by an eleionoma

Illustrated notes

Levels and vault maps discovered:
D:1:      lemuel_arrival_rhombus, layout_basic,
          dreamdust_ecumenical_altar_statues
D:2:      layout_loops_corners, serial_shops, nicolae_square_shop, shop_coins,
          uniq_terence, uniq_crazy_yiuf_cottage
D:3:      layout_basic, serial_glass, glass_columns_a, glass_columns_a,
          glass_columns_c, glass_columns_a, glass_columns_c, glass_columns_a,
          glass_columns_a, glass_columns_c, minmay_splitting_lines,
          grunt_decor_clamped
D:4:      layout_gridville, portal_sewer_entry_c
D:5:      layout_cave_pools, gammafunk_ghost_mausoleum
D:6:      layout_basic, chequers_arboretum, uniq_maggie, uniq_duvessa,
          uniq_menkaure
D:7:      layout_basic, minmay_temple_entry_overgrown, uniq_joseph
D:8:      layout_basic, kennysheep_path_1, st_stairs_1, uniq_pikel
D:9:      layout_basic, grunt_decor_fettered, glass_columns_b
D:10:     layout_loops_ring, mainiacjoe_overflow_24_doors, erik_lair_island,
          hiddenorc2_lemuel, special_room [special_room_kobold],
          nicolae_trove_entry_diagonal, uniq_amaemon
D:11:     layout_big_octagon, serial_shops, nicolae_stop_n_shop_1,
          kennysheep_orc_sif_temple
D:12:     layout_small_grid, nicolae_straight_to_the_point
D:13:     layout_grid_maze, ximxim_vaults_locker_room,
          portal_ice_cave_entry_ice_simulacra, okawaru_metal_pillars_1_2
D:14:     layout_rooms, minivault_23
D:15:     grunt_enter_depths_magical_seal, layout_stronghold,
          serial_bayou_shore_a, minmay_fractal_squares_gapless_5
Temple:   mainiacjoe_temple_trianglar_array
Lair:1:   statuecave_lemuel, layout_regular_city
Lair:2:   layout_roguey, minmay_snake_entry_guardpost_small
Lair:3:   layout_regular_city, gammafunk_ghost_berserking_beasts,
          nicolae_quartered_pool_medium, minivault_19,
          hangedman_lair_unloving_vines, uniq_nergalle, uniq_sonja
Lair:4:   layout_regular_city, swamp_mist_pool, infiniplex_staircase_pool_2
Lair:5:   layout_cave_shapes, minmay_slime_entry_jelly_boxes
Lair:6:   grunt_lair_end_beastmaster, layout_regular_city,
          bh_autumn_forest_stairs
Swamp:1:  layout_basic_swamp, nicolae_swamp_bean_lake, uniq_josephine
Swamp:2:  layout_basic_swamp, evilmike_swamp_ruin_house_1, uniq_louise
Swamp:3:  layout_falls_marsh, nicolae_swamp_some_circles
Orc:1:    layout_diamond_mine, library_closet
Orc:2:    grunt_orc_community_town_hall, layout_diamond_mine,
          grunt_orc_community_big_house_1, grunt_orc_community_big_house_1,
          grunt_orc_community_house_3, grunt_orc_community_house_1,
          grunt_orc_community_house_2, grunt_orc_community_house_1, basic_altar

Skill      XL: |  1  2  3  4  5  6  7  8  9 10 11 12 13 14 15 |
---------------+----------------------------------------------+-----
Bows           | 5 6 7 9 10 12 14 16 | 16.0
Fighting       | 2 3 4 5 7 9 11 12 13 | 13.4
Evocations     | 5 10 12 | 12.6
Armour         | 2 5 7 8 10 | 10.0
Dodging        | 3 10 13 | 13.8
Stealth        | 2 8 |  8.0
Invocations    | 5 8 |  8.0

Action                   |  1- 3 |  4- 6 |  7- 9 | 10-12 | 13-15 || total
-------------------------+-------+-------+-------+-------+-------++-------
Melee: Shortbow          |       |       |     1 |     1 |     7 ||     9
 Fire: Shortbow          |   109 |   204 |   380 |  1055 |  1914 ||  3662
Invok: Recall Ancestor   |       |       |       |    18 |    27 ||    45
       Ancestor Life: Kn |       |       |       |     1 |       ||     1
Evoke: Wand              |       |       |       |       |    17 ||    17
       Phantom mirror    |       |       |       |       |     2 ||     2
  Use: Scroll            |     4 |       |     3 |    12 |    20 ||    39
       Potion            |       |       |       |     1 |     2 ||     3
Armor: Robe              |     2 |     5 |     4 |       |       ||    11
       Acid dragon scale |       |       |    15 |    35 |    53 ||   103
       Swamp dragon scal |       |       |       |       |    11 ||    11
Dodge: Dodged            |    16 |    31 |    81 |   121 |   398 ||   647
Block: Other             |       |    14 |    21 |    36 |    80 ||   151
       Reflection        |       |       |     1 |     5 |     6 ||    12

Table legend: (Time is in decaauts)
 A = Elapsed time spent in this place.
 B = Non-inter-level travel time spent in this place.
 C = Inter-level travel time spent in this place.
 D = Time resting spent in this place.
 E = Time spent auto-exploring this place.
 F = Levels seen in this place.
 G = Mean time per level.
                   A        B        C        D        E       F      G
               +--------+--------+--------+--------+--------+-----+--------+
         Total |  25713 |  24354 |   1359 |   7186 |  10927 |  28 |  918.3 |
       Dungeon |  13848 |  13039 |    809 |   3187 |   6676 |  15 |  923.2 |
        Temple |    219 |    203 |     16 |      0 |    191 |   1 |  219.0 |
          Lair |   5608 |   5281 |    327 |   1098 |   2663 |   6 |  934.7 |
         Swamp |   2207 |   2125 |     82 |   1040 |    535 |   3 |  735.7 |
  Orcish Mines |   3620 |   3497 |    123 |   1775 |    786 |   2 | 1810.0 |
         Sewer |    209 |    209 |      0 |     84 |     74 |   1 |  209.0 |
               +--------+--------+--------+--------+--------+-----+--------+

Top non-repeatable levels by time:
   Orc:2: 2813 daAuts
    D:10: 2334 daAuts
    D:13: 1845 daAuts
  Lair:6: 1474 daAuts
 Swamp:1: 1339 daAuts
  Lair:4: 1111 daAuts
    D:15: 1086 daAuts
     D:8: 1047 daAuts
  Lair:2: 1000 daAuts
  Lair:3: 984 daAuts
     D:7: 982 daAuts
     D:2: 874 daAuts
     D:6: 860 daAuts
   Orc:1: 807 daAuts
 Swamp:2: 740 daAuts
